Workbook

Sheet Instructions
A2: Completion of Trip Treasurer 2026
A3: Note this incorparates changes made at the 2026 AGM
A4: Cells that are shaded contain formulae, so shouldn't be altered. Your information should be entered in non-shaded cells.
A6: In advance of trip
A8: In Form Set Up, enter basic details of trip in cells C2 to C5.
A9: Enter current cost of petrol, in pence, in cell E9. Enter any trip multiplier in cell E12.
A11: In Main Form, for each participant enter name, band, number of nights (if using a different number than trip length) and initial payment. For national trips, the trip organiser should have received a list of bank transfers from the National Trip Treasurer prior to the trip.
A12: For children 5 or over enter C before parent's band or if under 5 enter T (Toddler) before parent's band (e.g. C2 for an older child of a band 2 member and T5 for a younger child of a band 5 member).
A13: If anybody books and then cancels, please enter the details in column D. Use codes C3 for somebody who cancels more than 3 months before (when they get all their money back), C1 if between 3 months and 1 month (where they pay 25% of charges) and C0 if within 1 month (when they pay 50% charges).
A15: During the trip
A17: Use Form Cars, to record for each participant their daily mileages in trip cars (note the driver also normally pays according to their band, so should be included; the exception being when they are on an "errand" so not travelling for their own benefit).
A18: Also, to the right of the form (columns J onwards) there are CAR columns for each person. This is to record the daily mileage of each car (so will only be applicable to car owners) and are used to calculate their mileage reimbursement.
... A34: Red Rope Trips Account, Sort Code: 08-92-99, Account Number: 65829967

Sheet Set Up
A1: Trip Data
A2: Name of Trip: | C2: Test London Easter Trip
A3: Code for Trip: | E3: =E16+IF(E16<6,1,-1) -> 6
A4: Date of Arrival: | C4: 45381 | E4: 1 | F4: 2 | G4: 3 | H4: 4 | I4: 5 | J4: 6
A5: Date of Departure: | C5: 45388 | E5: =C4+IF(E16<6,0,1) -> 45382 | F5: =IF(F4>$E3,"spare",E5+1) -> 45383 | G5: =IF(G4>$E3,"spare",F5+1) -> 45384 | H5: =IF(H4>$E3,"spare",G5+1) -> 45385 | I5: =IF(I4>$E3,"spare",H5+1) -> 45386 | J5: =IF(J4>$E3,"spare",I5+1) -> 45387
A7: Trip and Travel Charges
A9: Fuel Charge (pence per litre) | E9: 150
A10: Fuel Charge (pence per mile) - band 3 | E10: =(E9/9/3 + 2)*1.2 -> 9.0666667 | F10: =(E3 /9 (for 40 mpg) /3 (car passengers) + 2p (wear & tear contribution)) * 1.2 (as agreed at 2026 AGM)
A12: Accommodation Multiplier | E12: 1
A16: Trip Length (nights) | E16: =C5-C4 -> 7
D19: Charges (2026)
A20: Band | D20: Trip Charge | E20: Car Travel | F20: Car Transport | G20: Public Transport | H20: Driver Payment
D21: (excluding Multiplier)
D22: (£ per night) | E22: % charge | F22: (p per mile) | G22: % charge | H22: (p per mile)
A23: 1 | D23: 11 | E23: 0.55 | F23: =ROUND($E$10*E23, 1) -> 5 | G23: 0.4
A24: 2 | D24: 16.5 | E24: 0.78 | F24: =ROUND($E$10*E24, 1) -> 7.1 | G24: 0.7
A25: 3 | D25: 22 | E25: 1 | F25: =ROUND($E$10*E25, 1) -> 9.1 | G25: 1 | H25: =F25 -> 9.1
A26: 4 | D26: 27.5 | E26: 1.45 | F26: =ROUND($E$10*E26, 1) -> 13.1 | G26: 1.45
A27: 5 | D27: 33 | E27: 1.7 | F27: =ROUND($E$10*E27, 1) -> 15.4 | G27: 1.7
A29: ="C"&A23 -> C1 | D29: =MAX(D$23,0.5*D23) -> 11 | E29: =E23 -> 0.55 | F29: =ROUND(MAX(F$23,0.5*F23),1) -> 5 | G29: =G23 -> 0.4 | I29: Child (5+) rates
A30: ="C"&A24 -> C2 | D30: =MAX(D$23,0.5*D24) -> 11 | E30: =E24 -> 0.78 | F30: =ROUND(MAX(F$23,0.5*F24),1) -> 5 | G30: =G24 -> 0.7
A31: ="C"&A25 -> C3 | D31: =MAX(D$23,0.5*D25) -> 11 | E31: =E25 -> 1 | F31: =ROUND(MAX(F$23,0.5*F25),1) -> 5 | G31: =G25 -> 1
A32: ="C"&A26 -> C4 | D32: =MAX(D$23,0.5*D26) -> 13.75 | E32: =E26 -> 1.45 | F32: =ROUND(MAX(F$23,0.5*F26),1) -> 6.6 | G32: =G26 -> 1.45
A33: ="C"&A27 -> C5 | D33: =MAX(D$23,0.5*D27) -> 16.5 | E33: =E27 -> 1.7 | F33: =ROUND(MAX(F$23,0.5*F27),1) -> 7.7 | G33: =G27 -> 1.7
A35: ="T"&A23 -> T1 | E35: =E29 -> 0.55 | F35: =F29 -> 5 | G35: =G29 -> 0.4 | I35: Toddler (Under 5) rates
A36: ="T"&A24 -> T2 | E36: =E30 -> 0.78 | F36: =F30 -> 5 | G36: =G30 -> 0.7
A37: ="T"&A25 -> T3 | E37: =E31 -> 1 | F37: =F31 -> 5 | G37: =G31 -> 1
A38: ="T"&A26 -> T4 | E38: =E32 -> 1.45 | F38: =F32 -> 6.6 | G38: =G32 -> 1.45
A39: ="T"&A27 -> T5 | E39: =E33 -> 1.7 | F39: =F33 -> 7.7 | G39: =G33 -> 1.7

Sheet Main Form
C1: Charges | H1: Trip Charges | K1: Car Transport | P1: Public Transport | R1: Other Charges (excluded from trip) | S1: Total Outstanding Charges J+O+Q+R | T1: Expenses | X1: Left Over Food Sales | Y1: Donations | Z1: Total to Pay S-W+X-Y | AA1: Amounts settled on Trip | AB1: Amounts to be Settled After Trip Z-AA
A2: Name | B2: Band | D2: Cancellation (C3>3mths, C1>1mth, C0<1mth) | E2: Charge per night | F2: nights | G2: Trip Multiplier | H2: Trip charge ExFxG | I2: Initial Payment | J2: Owed I-H | K2: Main Journey miles (form 3) | L2: Pence per mile | M2: On-trip miles (form 3) | N2: Pence per mile | O2: Transport charge (£) | P2: Amount paid by member | Q2: Charge/ Refund | T2: Food | U2: driver rebate (form 3) | V2: other | W2: Total T+U+V | AC2: Paid to/from Trips Account | AD2: Owing
E3: =_xlfn.IFNA(INDEX('Set Up'!D$23:D$40,MATCH(TEXT($B3,"0"),'Set Up'!$A$23:$A$40,0)),0) -> 0 | F3: =IF(B3="",0,'Set Up'!$E$16) -> 0 | G3: ='Set Up'!$E$12 -> 1 | H3: =F3*E3*IF(G3=0, 1, G3)*IF(D3="C0",0.5,IF(D3="C1",0.25,IF(D3="C3",0,1))) -> 0 | J3: =H3-I3 -> 0 | K3: =Cars!B3 -> 0 | L3: =_xlfn.IFNA(INDEX('Set Up'!F$23:F$40,MATCH(SUBSTITUTE(SUBSTITUTE(TEXT(B3,"0"),5,3),4,3),'Set Up'!$A$23:$A$40,0)),0) -> 0 | M3: =Cars!I3 -> 0 | N3: =_xlfn.IFNA(INDEX('Set Up'!F$23:F$40,MATCH(TEXT(B3,"0"),'Set Up'!$A$23:$A$40,0)),0) -> 0 | O3: =ROUND(((K3*L3)+(M3*N3))/100,2) -> 0 | Q3: =IF(OR(ISBLANK(B3),P3=0),0,IF(VALUE(RIGHT(B3,1))<3,ROUND((INDEX('Set Up'!G$23:G$40,MATCH(TEXT($B3,0),'Set Up'!$A$23:$A$40,0))-1)*P3,1),0)) -> 0 | S3: =J3+O3+Q3+R3 -> 0 | U3: =Cars!S3 -> 0 | W3: =T3+U3+V3 -> 0 | Z3: =S3-W3+X3+Y3 -> 0 | AB3: =Z3-AA3 -> 0 | AD3: =AB3-AC3 -> 0
E4: =_xlfn.IFNA(INDEX('Set Up'!D$23:D$40,MATCH(TEXT($B4,"0"),'Set Up'!$A$23:$A$40,0)),0) -> 0 | F4: =IF(B4="",0,'Set Up'!$E$16) -> 0 | G4: ='Set Up'!$E$12 -> 1 | H4: =F4*E4*IF(G4=0, 1, G4)*IF(D4="C0",0.5,IF(D4="C1",0.25,IF(D4="C3",0,1))) -> 0 | J4: =H4-I4 -> 0 | K4: =Cars!B4 -> 0 | L4: =_xlfn.IFNA(INDEX('Set Up'!F$23:F$40,MATCH(SUBSTITUTE(SUBSTITUTE(TEXT(B4,"0"),5,3),4,3),'Set Up'!$A$23:$A$40,0)),0) -> 0 | M4: =Cars!I4 -> 0 | N4: =_xlfn.IFNA(INDEX('Set Up'!F$23:F$40,MATCH(TEXT(B4,"0"),'Set Up'!$A$23:$A$40,0)),0) -> 0 | O4: =ROUND(((K4*L4)+(M4*N4))/100,2) -> 0 | Q4: =IF(OR(ISBLANK(B4),P4=0),0,IF(VALUE(RIGHT(B4,1))<3,ROUND((INDEX('Set Up'!G$23:G$40,MATCH(TEXT($B4,0),'Set Up'!$A$23:$A$40,0))-1)*P4,1),0)) -> 0 | S4: =J4+O4+Q4+R4 -> 0 | U4: =Cars!S4 -> 0 | W4: =T4+U4+V4 -> 0 | Z4: =S4-W4+X4+Y4 -> 0 | AB4: =Z4-AA4 -> 0 | AD4: =AB4-AC4 -> 0
E5: =_xlfn.IFNA(INDEX('Set Up'!D$23:D$40,MATCH(TEXT($B5,"0"),'Set Up'!$A$23:$A$40,0)),0) -> 0 | F5: =IF(B5="",0,'Set Up'!$E$16) -> 0 | G5: ='Set Up'!$E$12 -> 1 | H5: =F5*E5*IF(G5=0, 1, G5)*IF(D5="C0",0.5,IF(D5="C1",0.25,IF(D5="C3",0,1))) -> 0 | J5: =H5-I5 -> 0 | K5: =Cars!B5 -> 0 | L5: =_xlfn.IFNA(INDEX('Set Up'!F$23:F$40,MATCH(SUBSTITUTE(SUBSTITUTE(TEXT(B5,"0"),5,3),4,3),'Set Up'!$A$23:$A$40,0)),0) -> 0 | M5: =Cars!I5 -> 0 | N5: =_xlfn.IFNA(INDEX('Set Up'!F$23:F$40,MATCH(TEXT(B5,"0"),'Set Up'!$A$23:$A$40,0)),0) -> 0 | O5: =ROUND(((K5*L5)+(M5*N5))/100,2) -> 0 | Q5: =IF(OR(ISBLANK(B5),P5=0),0,IF(VALUE(RIGHT(B5,1))<3,ROUND((INDEX('Set Up'!G$23:G$40,MATCH(TEXT($B5,0),'Set Up'!$A$23:$A$40,0))-1)*P5,1),0)) -> 0 | S5: =J5+O5+Q5+R5 -> 0 | U5: =Cars!S5 -> 0 | W5: =T5+U5+V5 -> 0 | Z5: =S5-W5+X5+Y5 -> 0 | AB5: =Z5-AA5 -> 0 | AD5: =AB5-AC5 -> 0
E6: =_xlfn.IFNA(INDEX('Set Up'!D$23:D$40,MATCH(TEXT($B6,"0"),'Set Up'!$A$23:$A$40,0)),0) -> 0 | F6: =IF(B6="",0,'Set Up'!$E$16) -> 0 | G6: ='Set Up'!$E$12 -> 1 | H6: =F6*E6*IF(G6=0, 1, G6)*IF(D6="C0",0.5,IF(D6="C1",0.25,IF(D6="C3",0,1))) -> 0 | J6: =H6-I6 -> 0 | K6: =Cars!B6 -> 0 | L6: =_xlfn.IFNA(INDEX('Set Up'!F$23:F$40,MATCH(SUBSTITUTE(SUBSTITUTE(TEXT(B6,"0"),5,3),4,3),'Set Up'!$A$23:$A$40,0)),0) -> 0 | M6: =Cars!I6 -> 0 | N6: =_xlfn.IFNA(INDEX('Set Up'!F$23:F$40,MATCH(TEXT(B6,"0"),'Set Up'!$A$23:$A$40,0)),0) -> 0 | O6: =ROUND(((K6*L6)+(M6*N6))/100,2) -> 0 | Q6: =IF(OR(ISBLANK(B6),P6=0),0,IF(VALUE(RIGHT(B6,1))<3,ROUND((INDEX('Set Up'!G$23:G$40,MATCH(TEXT($B6,0),'Set Up'!$A$23:$A$40,0))-1)*P6,1),0)) -> 0 | S6: =J6+O6+Q6+R6 -> 0 | U6: =Cars!S6 -> 0 | W6: =T6+U6+V6 -> 0 | Z6: =S6-W6+X6+Y6 -> 0 | AB6: =Z6-AA6 -> 0 | AD6: =AB6-AC6 -> 0
E7: =_xlfn.IFNA(INDEX('Set Up'!D$23:D$40,MATCH(TEXT($B7,"0"),'Set Up'!$A$23:$A$40,0)),0) -> 0 | F7: =IF(B7="",0,'Set Up'!$E$16) -> 0 | G7: ='Set Up'!$E$12 -> 1 | H7: =F7*E7*IF(G7=0, 1, G7)*IF(D7="C0",0.5,IF(D7="C1",0.25,IF(D7="C3",0,1))) -> 0 | J7: =H7-I7 -> 0 | K7: =Cars!B7 -> 0 | L7: =_xlfn.IFNA(INDEX('Set Up'!F$23:F$40,MATCH(SUBSTITUTE(SUBSTITUTE(TEXT(B7,"0"),5,3),4,3),'Set Up'!$A$23:$A$40,0)),0) -> 0 | M7: =Cars!I7 -> 0 | N7: =_xlfn.IFNA(INDEX('Set Up'!F$23:F$40,MATCH(TEXT(B7,"0"),'Set Up'!$A$23:$A$40,0)),0) -> 0 | O7: =ROUND(((K7*L7)+(M7*N7))/100,2) -> 0 | Q7: =IF(OR(ISBLANK(B7),P7=0),0,IF(VALUE(RIGHT(B7,1))<3,ROUND((INDEX('Set Up'!G$23:G$40,MATCH(TEXT($B7,0),'Set Up'!$A$23:$A$40,0))-1)*P7,1),0)) -> 0 | S7: =J7+O7+Q7+R7 -> 0 | U7: =Cars!S7 -> 0 | W7: =T7+U7+V7 -> 0 | Z7: =S7-W7+X7+Y7 -> 0 | AB7: =Z7-AA7 -> 0 | AD7: =AB7-AC7 -> 0
E8: =_xlfn.IFNA(INDEX('Set Up'!D$23:D$40,MATCH(TEXT($B8,"0"),'Set Up'!$A$23:$A$40,0)),0) -> 0 | F8: =IF(B8="",0,'Set Up'!$E$16) -> 0 | G8: ='Set Up'!$E$12 -> 1 | H8: =F8*E8*IF(G8=0, 1, G8)*IF(D8="C0",0.5,IF(D8="C1",0.25,IF(D8="C3",0,1))) -> 0 | J8: =H8-I8 -> 0 | K8: =Cars!B8 -> 0 | L8: =_xlfn.IFNA(INDEX('Set Up'!F$23:F$40,MATCH(SUBSTITUTE(SUBSTITUTE(TEXT(B8,"0"),5,3),4,3),'Set Up'!$A$23:$A$40,0)),0) -> 0 | M8: =Cars!I8 -> 0 | N8: =_xlfn.IFNA(INDEX('Set Up'!F$23:F$40,MATCH(TEXT(B8,"0"),'Set Up'!$A$23:$A$40,0)),0) -> 0 | O8: =ROUND(((K8*L8)+(M8*N8))/100,2) -> 0 | Q8: =IF(OR(ISBLANK(B8),P8=0),0,IF(VALUE(RIGHT(B8,1))<3,ROUND((INDEX('Set Up'!G$23:G$40,MATCH(TEXT($B8,0),'Set Up'!$A$23:$A$40,0))-1)*P8,1),0)) -> 0 | S8: =J8+O8+Q8+R8 -> 0 | U8: =Cars!S8 -> 0 | W8: =T8+U8+V8 -> 0 | Z8: =S8-W8+X8+Y8 -> 0 | AB8: =Z8-AA8 -> 0 | AD8: =AB8-AC8 -> 0
E9: =_xlfn.IFNA(INDEX('Set Up'!D$23:D$40,MATCH(TEXT($B9,"0"),'Set Up'!$A$23:$A$40,0)),0) -> 0 | F9: =IF(B9="",0,'Set Up'!$E$16) -> 0 | G9: ='Set Up'!$E$12 -> 1 | H9: =F9*E9*IF(G9=0, 1, G9)*IF(D9="C0",0.5,IF(D9="C1",0.25,IF(D9="C3",0,1))) -> 0 | J9: =H9-I9 -> 0 | K9: =Cars!B9 -> 0 | L9: =_xlfn.IFNA(INDEX('Set Up'!F$23:F$40,MATCH(SUBSTITUTE(SUBSTITUTE(TEXT(B9,"0"),5,3),4,3),'Set Up'!$A$23:$A$40,0)),0) -> 0 | M9: =Cars!I9 -> 0 | N9: =_xlfn.IFNA(INDEX('Set Up'!F$23:F$40,MATCH(TEXT(B9,"0"),'Set Up'!$A$23:$A$40,0)),0) -> 0 | O9: =ROUND(((K9*L9)+(M9*N9))/100,2) -> 0 | Q9: =IF(OR(ISBLANK(B9),P9=0),0,IF(VALUE(RIGHT(B9,1))<3,ROUND((INDEX('Set Up'!G$23:G$40,MATCH(TEXT($B9,0),'Set Up'!$A$23:$A$40,0))-1)*P9,1),0)) -> 0 | S9: =J9+O9+Q9+R9 -> 0 | U9: =Cars!S9 -> 0 | W9: =T9+U9+V9 -> 0 | Z9: =S9-W9+X9+Y9 -> 0 | AB9: =Z9-AA9 -> 0 | AD9: =AB9-AC9 -> 0
E10: =_xlfn.IFNA(INDEX('Set Up'!D$23:D$40,MATCH(TEXT($B10,"0"),'Set Up'!$A$23:$A$40,0)),0) -> 0 | F10: =IF(B10="",0,'Set Up'!$E$16) -> 0 | G10: ='Set Up'!$E$12 -> 1 | H10: =F10*E10*IF(G10=0, 1, G10)*IF(D10="C0",0.5,IF(D10="C1",0.25,IF(D10="C3",0,1))) -> 0 | J10: =H10-I10 -> 0 | K10: =Cars!B10 -> 0 | L10: =_xlfn.IFNA(INDEX('Set Up'!F$23:F$40,MATCH(SUBSTITUTE(SUBSTITUTE(TEXT(B10,"0"),5,3),4,3),'Set Up'!$A$23:$A$40,0)),0) -> 0 | M10: =Cars!I10 -> 0 | N10: =_xlfn.IFNA(INDEX('Set Up'!F$23:F$40,MATCH(TEXT(B10,"0"),'Set Up'!$A$23:$A$40,0)),0) -> 0 | O10: =ROUND(((K10*L10)+(M10*N10))/100,2) -> 0 | Q10: =IF(OR(ISBLANK(B10),P10=0),0,IF(VALUE(RIGHT(B10,1))<3,ROUND((INDEX('Set Up'!G$23:G$40,MATCH(TEXT($B10,0),'Set Up'!$A$23:$A$40,0))-1)*P10,1),0)) -> 0 | S10: =J10+O10+Q10+R10 -> 0 | U10: =Cars!S10 -> 0 | W10: =T10+U10+V10 -> 0 | Z10: =S10-W10+X10+Y10 -> 0 | AB10: =Z10-AA10 -> 0 | AD10: =AB10-AC10 -> 0
E11: =_xlfn.IFNA(INDEX('Set Up'!D$23:D$40,MATCH(TEXT($B11,"0"),'Set Up'!$A$23:$A$40,0)),0) -> 0 | F11: =IF(B11="",0,'Set Up'!$E$16) -> 0 | G11: ='Set Up'!$E$12 -> 1 | H11: =F11*E11*IF(G11=0, 1, G11)*IF(D11="C0",0.5,IF(D11="C1",0.25,IF(D11="C3",0,1))) -> 0 | J11: =H11-I11 -> 0 | K11: =Cars!B11 -> 0 | L11: =_xlfn.IFNA(INDEX('Set Up'!F$23:F$40,MATCH(SUBSTITUTE(SUBSTITUTE(TEXT(B11,"0"),5,3),4,3),'Set Up'!$A$23:$A$40,0)),0) -> 0 | M11: =Cars!I11 -> 0 | N11: =_xlfn.IFNA(INDEX('Set Up'!F$23:F$40,MATCH(TEXT(B11,"0"),'Set Up'!$A$23:$A$40,0)),0) -> 0 | O11: =ROUND(((K11*L11)+(M11*N11))/100,2) -> 0 | Q11: =IF(OR(ISBLANK(B11),P11=0),0,IF(VALUE(RIGHT(B11,1))<3,ROUND((INDEX('Set Up'!G$23:G$40,MATCH(TEXT($B11,0),'Set Up'!$A$23:$A$40,0))-1)*P11,1),0)) -> 0 | S11: =J11+O11+Q11+R11 -> 0 | U11: =Cars!S11 -> 0 | W11: =T11+U11+V11 -> 0 | Z11: =S11-W11+X11+Y11 -> 0 | AB11: =Z11-AA11 -> 0 | AD11: =AB11-AC11 -> 0
E12: =_xlfn.IFNA(INDEX('Set Up'!D$23:D$40,MATCH(TEXT($B12,"0"),'Set Up'!$A$23:$A$40,0)),0) -> 0 | F12: =IF(B12="",0,'Set Up'!$E$16) -> 0 | G12: ='Set Up'!$E$12 -> 1 | H12: =F12*E12*IF(G12=0, 1, G12)*IF(D12="C0",0.5,IF(D12="C1",0.25,IF(D12="C3",0,1))) -> 0 | J12: =H12-I12 -> 0 | K12: =Cars!B12 -> 0 | L12: =_xlfn.IFNA(INDEX('Set Up'!F$23:F$40,MATCH(SUBSTITUTE(SUBSTITUTE(TEXT(B12,"0"),5,3),4,3),'Set Up'!$A$23:$A$40,0)),0) -> 0 | M12: =Cars!I12 -> 0 | N12: =_xlfn.IFNA(INDEX('Set Up'!F$23:F$40,MATCH(TEXT(B12,"0"),'Set Up'!$A$23:$A$40,0)),0) -> 0 | O12: =ROUND(((K12*L12)+(M12*N12))/100,2) -> 0 | Q12: =IF(OR(ISBLANK(B12),P12=0),0,IF(VALUE(RIGHT(B12,1))<3,ROUND((INDEX('Set Up'!G$23:G$40,MATCH(TEXT($B12,0),'Set Up'!$A$23:$A$40,0))-1)*P12,1),0)) -> 0 | S12: =J12+O12+Q12+R12 -> 0 | U12: =Cars!S12 -> 0 | W12: =T12+U12+V12 -> 0 | Z12: =S12-W12+X12+Y12 -> 0 | AB12: =Z12-AA12 -> 0 | AD12: =AB12-AC12 -> 0
E13: =_xlfn.IFNA(INDEX('Set Up'!D$23:D$40,MATCH(TEXT($B13,"0"),'Set Up'!$A$23:$A$40,0)),0) -> 0 | F13: =IF(B13="",0,'Set Up'!$E$16) -> 0 | G13: ='Set Up'!$E$12 -> 1 | H13: =F13*E13*IF(G13=0, 1, G13)*IF(D13="C0",0.5,IF(D13="C1",0.25,IF(D13="C3",0,1))) -> 0 | J13: =H13-I13 -> 0 | K13: =Cars!B13 -> 0 | L13: =_xlfn.IFNA(INDEX('Set Up'!F$23:F$40,MATCH(SUBSTITUTE(SUBSTITUTE(TEXT(B13,"0"),5,3),4,3),'Set Up'!$A$23:$A$40,0)),0) -> 0 | M13: =Cars!I13 -> 0 | N13: =_xlfn.IFNA(INDEX('Set Up'!F$23:F$40,MATCH(TEXT(B13,"0"),'Set Up'!$A$23:$A$40,0)),0) -> 0 | O13: =ROUND(((K13*L13)+(M13*N13))/100,2) -> 0 | Q13: =IF(OR(ISBLANK(B13),P13=0),0,IF(VALUE(RIGHT(B13,1))<3,ROUND((INDEX('Set Up'!G$23:G$40,MATCH(TEXT($B13,0),'Set Up'!$A$23:$A$40,0))-1)*P13,1),0)) -> 0 | S13: =J13+O13+Q13+R13 -> 0 | U13: =Cars!S13 -> 0 | W13: =T13+U13+V13 -> 0 | Z13: =S13-W13+X13+Y13 -> 0 | AB13: =Z13-AA13 -> 0 | AD13: =AB13-AC13 -> 0
E14: =_xlfn.IFNA(INDEX('Set Up'!D$23:D$40,MATCH(TEXT($B14,"0"),'Set Up'!$A$23:$A$40,0)),0) -> 0 | F14: =IF(B14="",0,'Set Up'!$E$16) -> 0 | G14: ='Set Up'!$E$12 -> 1 | H14: =F14*E14*IF(G14=0, 1, G14)*IF(D14="C0",0.5,IF(D14="C1",0.25,IF(D14="C3",0,1))) -> 0 | J14: =H14-I14 -> 0 | K14: =Cars!B14 -> 0 | L14: =_xlfn.IFNA(INDEX('Set Up'!F$23:F$40,MATCH(SUBSTITUTE(SUBSTITUTE(TEXT(B14,"0"),5,3),4,3),'Set Up'!$A$23:$A$40,0)),0) -> 0 | M14: =Cars!I14 -> 0 | N14: =_xlfn.IFNA(INDEX('Set Up'!F$23:F$40,MATCH(TEXT(B14,"0"),'Set Up'!$A$23:$A$40,0)),0) -> 0 | O14: =ROUND(((K14*L14)+(M14*N14))/100,2) -> 0 | Q14: =IF(OR(ISBLANK(B14),P14=0),0,IF(VALUE(RIGHT(B14,1))<3,ROUND((INDEX('Set Up'!G$23:G$40,MATCH(TEXT($B14,0),'Set Up'!$A$23:$A$40,0))-1)*P14,1),0)) -> 0 | S14: =J14+O14+Q14+R14 -> 0 | U14: =Cars!S14 -> 0 | W14: =T14+U14+V14 -> 0 | Z14: =S14-W14+X14+Y14 -> 0 | AB14: =Z14-AA14 -> 0 | AD14: =AB14-AC14 -> 0
... E22: =_xlfn.IFNA(INDEX('Set Up'!D$23:D$40,MATCH(TEXT($B22,"0"),'Set Up'!$A$23:$A$40,0)),0) -> 0 | F22: =IF(B22="",0,'Set Up'!$E$16) -> 0 | G22: ='Set Up'!$E$12 -> 1 | H22: =F22*E22*IF(G22=0, 1, G22)*IF(D22="C0",0.5,IF(D22="C1",0.25,IF(D22="C3",0,1))) -> 0 | J22: =H22-I22 -> 0 | K22: =Cars!B22 -> 0 | L22: =_xlfn.IFNA(INDEX('Set Up'!F$23:F$40,MATCH(SUBSTITUTE(SUBSTITUTE(TEXT(B22,"0"),5,3),4,3),'Set Up'!$A$23:$A$40,0)),0) -> 0 | M22: =Cars!I22 -> 0 | N22: =_xlfn.IFNA(INDEX('Set Up'!F$23:F$40,MATCH(TEXT(B22,"0"),'Set Up'!$A$23:$A$40,0)),0) -> 0 | O22: =ROUND(((K22*L22)+(M22*N22))/100,2) -> 0 | Q22: =IF(OR(ISBLANK(B22),P22=0),0,IF(VALUE(RIGHT(B22,1))<3,ROUND((INDEX('Set Up'!G$23:G$40,MATCH(TEXT($B22,0),'Set Up'!$A$23:$A$40,0))-1)*P22,1),0)) -> 0 | S22: =J22+O22+Q22+R22 -> 0 | U22: =Cars!S22 -> 0 | W22: =T22+U22+V22 -> 0 | Z22: =S22-W22+X22+Y22 -> 0 | AB22: =Z22-AA22 -> 0 | AD22: =AB22-AC22 -> 0
A24: TOTAL | B24: =SUMPRODUCT(--(B3:B22<>"")) -> 0 | F24: =SUM(F3:F23) -> 0 | H24: =SUM(H3:H23) -> 0 | I24: =SUM(I3:I23) -> 0 | J24: =SUM(J3:J23) -> 0 | K24: =SUM(K3:K23) -> 0 | M24: =SUM(M3:M23) -> 0 | O24: =SUM(O3:O23) -> 0 | P24: =SUM(P3:P23) -> 0 | Q24: =SUM(Q3:Q23) -> 0 | R24: =SUM(R3:R23) -> 0 | S24: =SUM(S3:S23) -> 0 | T24: =SUM(T3:T23) -> 0 | U24: =SUM(U3:U23) -> 0 | V24: =SUM(V3:V23) -> 0 | ... AD24: =SUM(AD3:AD23) -> 0
A26: Total Excluding Cancellations | B26: =B24-COUNTIFS($D3:$D23,"C*") -> 0 | F26: =SUMIFS(F3:F23,$D3:$D23,"<>C*") -> 0 | H26: =SUMIFS(H3:H23,$D3:$D23,"<>C*") -> 0
A28: Please include any relevant notes below, particularly regarding any "Other Charges" and other expenses.

Sheet Cars
B1: Car Occupants | J1: Cars | S1: Rebate
A2: Transport | B2: Main Journey | C2: ="local "&TEXT('Set Up'!E5,"DDDD") -> local Sunday | D2: ="local "&TEXT('Set Up'!F5,"DDDD") -> local Monday | E2: ="local "&TEXT('Set Up'!G5,"DDDD") -> local Tuesday | F2: ="local "&TEXT('Set Up'!H5,"DDDD") -> local Wednesday | G2: ="local "&TEXT('Set Up'!I5,"DDDD") -> local Thursday | H2: ="local "&TEXT('Set Up'!J5,"DDDD") -> local Friday | I2: Local Miles | J2: =B2 -> Main Journey | K2: =C2 -> local Sunday | L2: =D2 -> local Monday | M2: =E2 -> local Tuesday | N2: =F2 -> local Wednesday | O2: =G2 -> local Thursday | P2: =H2 -> local Friday | Q2: Local Miles | R2: Main Journey rate multiplier (2.5 if blank)
A3: =""&'Main Form'!A3 | I3: =SUM(C3:H3) -> 0 | Q3: =SUM(K3:P3) -> 0 | S3: =ROUND(((J3*IF(ISBLANK(R3),2.5,R3)+Q3*2.5)*'Set Up'!$H$25/100),2) -> 0
A4: =""&'Main Form'!A4 | I4: =SUM(C4:H4) -> 0 | Q4: =SUM(K4:P4) -> 0 | S4: =ROUND(((J4*IF(ISBLANK(R4),2.5,R4)+Q4*2.5)*'Set Up'!$H$25/100),2) -> 0
A5: =""&'Main Form'!A5 | I5: =SUM(C5:H5) -> 0 | Q5: =SUM(K5:P5) -> 0 | S5: =ROUND(((J5*IF(ISBLANK(R5),2.5,R5)+Q5*2.5)*'Set Up'!$H$25/100),2) -> 0
A6: =""&'Main Form'!A6 | I6: =SUM(C6:H6) -> 0 | Q6: =SUM(K6:P6) -> 0 | S6: =ROUND(((J6*IF(ISBLANK(R6),2.5,R6)+Q6*2.5)*'Set Up'!$H$25/100),2) -> 0
A7: =""&'Main Form'!A7 | I7: =SUM(C7:H7) -> 0 | Q7: =SUM(K7:P7) -> 0 | S7: =ROUND(((J7*IF(ISBLANK(R7),2.5,R7)+Q7*2.5)*'Set Up'!$H$25/100),2) -> 0
A8: =""&'Main Form'!A8 | I8: =SUM(C8:H8) -> 0 | Q8: =SUM(K8:P8) -> 0 | S8: =ROUND(((J8*IF(ISBLANK(R8),2.5,R8)+Q8*2.5)*'Set Up'!$H$25/100),2) -> 0
A9: =""&'Main Form'!A9 | I9: =SUM(C9:H9) -> 0 | Q9: =SUM(K9:P9) -> 0 | S9: =ROUND(((J9*IF(ISBLANK(R9),2.5,R9)+Q9*2.5)*'Set Up'!$H$25/100),2) -> 0
A10: =""&'Main Form'!A10 | I10: =SUM(C10:H10) -> 0 | Q10: =SUM(K10:P10) -> 0 | S10: =ROUND(((J10*IF(ISBLANK(R10),2.5,R10)+Q10*2.5)*'Set Up'!$H$25/100),2) -> 0
A11: =""&'Main Form'!A11 | I11: =SUM(C11:H11) -> 0 | Q11: =SUM(K11:P11) -> 0 | S11: =ROUND(((J11*IF(ISBLANK(R11),2.5,R11)+Q11*2.5)*'Set Up'!$H$25/100),2) -> 0
A12: =""&'Main Form'!A12 | I12: =SUM(C12:H12) -> 0 | Q12: =SUM(K12:P12) -> 0 | S12: =ROUND(((J12*IF(ISBLANK(R12),2.5,R12)+Q12*2.5)*'Set Up'!$H$25/100),2) -> 0
A13: =""&'Main Form'!A13 | I13: =SUM(C13:H13) -> 0 | Q13: =SUM(K13:P13) -> 0 | S13: =ROUND(((J13*IF(ISBLANK(R13),2.5,R13)+Q13*2.5)*'Set Up'!$H$25/100),2) -> 0
A14: =""&'Main Form'!A14 | I14: =SUM(C14:H14) -> 0 | Q14: =SUM(K14:P14) -> 0 | S14: =ROUND(((J14*IF(ISBLANK(R14),2.5,R14)+Q14*2.5)*'Set Up'!$H$25/100),2) -> 0
... A22: =""&'Main Form'!A22 | I22: =SUM(C22:H22) -> 0 | Q22: =SUM(K22:P22) -> 0 | S22: =ROUND(((J22*IF(ISBLANK(R22),2.5,R22)+Q22*2.5)*'Set Up'!$H$25/100),2) -> 0

Sheet People Summary
A1: Name | B1: Nightly Charge Balance | C1: Transport | D1: Expenses | E1: Other | F1: Total to Pay
A2: =""&'Main Form'!A3 | B2: ='Main Form'!J3 -> 0 | C2: ='Main Form'!O3+'Main Form'!Q3 -> 0 | D2: ='Main Form'!W3 -> 0 | E2: ='Main Form'!R3 -> 0 | F2: =B2+C2-D2+E2 -> 0
A3: =""&'Main Form'!A4 | B3: ='Main Form'!J4 -> 0 | C3: ='Main Form'!O4+'Main Form'!Q4 -> 0 | D3: ='Main Form'!W4 -> 0 | E3: ='Main Form'!R4 -> 0 | F3: =B3+C3-D3+E3 -> 0
A4: =""&'Main Form'!A5 | B4: ='Main Form'!J5 -> 0 | C4: ='Main Form'!O5+'Main Form'!Q5 -> 0 | D4: ='Main Form'!W5 -> 0 | E4: ='Main Form'!R5 -> 0 | F4: =B4+C4-D4+E4 -> 0
A5: =""&'Main Form'!A6 | B5: ='Main Form'!J6 -> 0 | C5: ='Main Form'!O6+'Main Form'!Q6 -> 0 | D5: ='Main Form'!W6 -> 0 | E5: ='Main Form'!R6 -> 0 | F5: =B5+C5-D5+E5 -> 0
A6: =""&'Main Form'!A7 | B6: ='Main Form'!J7 -> 0 | C6: ='Main Form'!O7+'Main Form'!Q7 -> 0 | D6: ='Main Form'!W7 -> 0 | E6: ='Main Form'!R7 -> 0 | F6: =B6+C6-D6+E6 -> 0
A7: =""&'Main Form'!A8 | B7: ='Main Form'!J8 -> 0 | C7: ='Main Form'!O8+'Main Form'!Q8 -> 0 | D7: ='Main Form'!W8 -> 0 | E7: ='Main Form'!R8 -> 0 | F7: =B7+C7-D7+E7 -> 0
A8: =""&'Main Form'!A9 | B8: ='Main Form'!J9 -> 0 | C8: ='Main Form'!O9+'Main Form'!Q9 -> 0 | D8: ='Main Form'!W9 -> 0 | E8: ='Main Form'!R9 -> 0 | F8: =B8+C8-D8+E8 -> 0
A9: =""&'Main Form'!A10 | B9: ='Main Form'!J10 -> 0 | C9: ='Main Form'!O10+'Main Form'!Q10 -> 0 | D9: ='Main Form'!W10 -> 0 | E9: ='Main Form'!R10 -> 0 | F9: =B9+C9-D9+E9 -> 0
A10: =""&'Main Form'!A11 | B10: ='Main Form'!J11 -> 0 | C10: ='Main Form'!O11+'Main Form'!Q11 -> 0 | D10: ='Main Form'!W11 -> 0 | E10: ='Main Form'!R11 -> 0 | F10: =B10+C10-D10+E10 -> 0
A11: =""&'Main Form'!A12 | B11: ='Main Form'!J12 -> 0 | C11: ='Main Form'!O12+'Main Form'!Q12 -> 0 | D11: ='Main Form'!W12 -> 0 | E11: ='Main Form'!R12 -> 0 | F11: =B11+C11-D11+E11 -> 0
A12: =""&'Main Form'!A13 | B12: ='Main Form'!J13 -> 0 | C12: ='Main Form'!O13+'Main Form'!Q13 -> 0 | D12: ='Main Form'!W13 -> 0 | E12: ='Main Form'!R13 -> 0 | F12: =B12+C12-D12+E12 -> 0
A13: =""&'Main Form'!A14 | B13: ='Main Form'!J14 -> 0 | C13: ='Main Form'!O14+'Main Form'!Q14 -> 0 | D13: ='Main Form'!W14 -> 0 | E13: ='Main Form'!R14 -> 0 | F13: =B13+C13-D13+E13 -> 0
... A21: =""&'Main Form'!A22 | B21: ='Main Form'!J22 -> 0 | C21: ='Main Form'!O22+'Main Form'!Q22 -> 0 | D21: ='Main Form'!W22 -> 0 | E21: ='Main Form'!R22 -> 0 | F21: =B21+C21-D21+E21 -> 0
A23: TOTAL | B23: =SUM(B2:B22) -> 0 | C23: =SUM(C2:C22) -> 0 | D23: =SUM(D2:D22) -> 0 | E23: =SUM(E2:E22) -> 0 | F23: =SUM(F2:F22) -> 0

Sheet Summary
B2: food and accommodation | C2: Left-over food sales | D2: donations | E2: car transport | F2: public transport | G2: total
A3: paid by members | B3: ='Main Form'!H24 -> 0 | C3: ='Main Form'!X24 -> 0 | D3: ='Main Form'!Y24 -> 0 | E3: ='Main Form'!O24 -> 0 | F3: ='Main Form'!P24 -> 0 | G3: =SUM(B3:F3) -> 0
B4: accommodation costs | C4: food purchased | D4: other expenses
A5: costs to trip | C5: ='Main Form'!T24 -> 0 | D5: ='Main Form'!V24 -> 0 | E5: ='Main Form'!U24 -> 0 | F5: =F3-F6 -> 0 | G5: =SUM(B5:F5) -> 0 | H5: Sum of Suplus/Deficit
A6: surplus/deficit 1st row - 2nd row | C6: =B3+C3-B5-C5 -> 0 | D6: =D3-D5 -> 0 | E6: =E3-E5 -> 0 | F6: ='Main Form'!Q24 -> 0 | G6: =G3-G5 -> 0 | H6: =SUM(C6:F6) -> 0
H9: Nights | J9: =J10/'Main Form'!B26 -> #DIV/0!
H10: Bed Nights | J10: ='Main Form'!$F$26 -> 0
H11: Person miles | J11: ='Main Form'!M24+'Main Form'!K24 -> 0
H12: Income | I12: Nightly Charges | J12: ='Main Form'!H26+'Main Form'!R24 -> 0
I13: Cancellations | J13: ='Main Form'!H24-'Main Form'!H26 -> 0
I14: Travel | J14: =E3+F3 -> 0
I15: Donations | J15: =D3 -> 0
I16: Total | J16: =SUM(J12:J15) -> 0
H17: Expenditure | I17: Hut | J17: =B5 -> 0
I18: Food | J18: ='Main Form'!$T$24-C3 -> 0
I19: Travel | J19: =E5+F5 -> 0
I20: Other | J20: =D5 -> 0
I21: Total | J21: =SUM(J17:J20) -> 0
H22: Surplus | J22: =J16-J21 -> 0
H23: Actual | I23: Rate / day | J23: =J12/J10 -> #DIV/0!
I24: Rate / mile | J24: =J14/J11 -> #DIV/0!
H25: Band 3 (E) Income | I25: Rate / day | J25: ='Set Up'!$D$25 -> 22
I26: Rate / mile | J26: ='Set Up'!$F$25/100 -> 0.091
I27: Total | J27: =J10*J25+J11*J26 -> 0
I28: Surplus | J28: =J27-J21 -> 0
H29: Food ppn | J29: =J18/J10 -> #DIV/0!
